 Dungeon Crawl Stone Soup version 0.28.0 (webtiles) character file.

Game seed: 1681337289886304886

863 bande the Covered (level 8, 0/49 HPs)
             Began as a Gargoyle Fighter on Feb 18, 2022.
             Slain by a killer bee (7 damage)
             ... on level 5 of the Dungeon.
             The game lasted 00:11:13 (7139 turns).

bande the Covered (Gargoyle Fighter)                Turns: 7139, Time: 00:11:14

Health: 0/49       AC: 15    Str: 19    XL:     8   Next: 2%
Magic:  8/8        EV:  9    Int: 10    God:
Gold:   211        SH:  5    Dex: 11    Spells: 7/7 levels left

rFire   . . .      SeeInvis .   a - +0 war axe
rCold   + . .      Faith    .   c - +0 buckler
rNeg    + + .      Spirit   .   b - +0 scale mail
rPois   ∞          Reflect  .   (no helmet)
rElec   +          Harm     .   g - +1 cloak
rCorr   .          Rampage  .   (no gloves)
Will    .....                   (no boots)
Stlth   ..........              (no amulet)
HPRegen 0.16/turn               i - ring of positive energy
MPRegen 0.11/turn               k - ring of protection from cold

@: no status effects
A: sickness immunity, AC +5, negative energy resistance 1, electricity
resistance, torment resistance 1, petrification resistance
a: no special abilities


You were on level 5 of the Dungeon.
You visited 2 branches of the dungeon, and saw 6 of its levels.

You collected 211 gold pieces.

Inventory:

Hand Weapons
 a - a +0 war axe (weapon)
 l - a +0 flail
Missiles
 j - 4 throwing nets (quivered)
Armour
 b - a +0 scale mail (worn)
 c - a +0 buckler (worn)
 g - a +1 cloak (worn)
Jewellery
 i - a ring of positive energy (left hand)
 k - a ring of protection from cold (right hand)
Potions
 d - 4 potions of might
 e - a potion of haste
 f - 2 potions of cancellation
 h - 2 potions of curing


   Skills:
 + Level 5.1 Fighting
 + Level 5.4 Axes
 + Level 5.8 Armour
 - Level 0.3 Dodging
 + Level 4.9 Shields


You had 7 spell levels left.
You didn't know any spells.
Your spell library contained the following spells:

 Spells                   Type           Power      Damage    Failure   Level
 Freeze                   Ice            0%         1d3       80%         1
 Shock                    Conj/Air       0%         1d3       80%         1
 Frozen Ramparts          Ice            0%         1d2       99%         3
 Gell's Gravitas          Tloc           0%         N/A       99%         3
 Lesser Beckoning         Tloc           0%         N/A       99%         3
 Swiftness                Air            0%         N/A       99%         3
 Teleport Other           Tloc           0%         N/A       99%         3
 Airstrike                Air            0%         N/A       100%        4
 Hailstorm                Conj/Ice       0%         3d3       100%        4


Dungeon Overview and Level Annotations

Branches:
Dungeon (5/15)             Temple (1/1) D:4

Altars:
Ashenzari
Cheibriados
Dithmenos
Elyvilon
Fedhas
Gozag
Kikubaaqudgha
Nemelex Xobeh
Qazlal
Ru
Trog
Wu Jian
Xom
Zin


Innate Abilities, Weirdness & Mutations

You are immune to sickness and miasma.
Your stone body is resilient. (AC +5)
You are immune to poison.
You resist negative energy. (rN+)
You are resistant to electric shocks. (rElec)
You are resistant to unholy torment.
You are immune to petrification.


Message History

The killer bee is moderately wounded.
The killer bee stings you. The killer bee barely misses you.
You miss the killer bee.
The killer bee is moderately wounded.
The killer bee stings you but does no damage. x2
The killer bee barely misses you.
You closely miss the killer bee.
The killer bee is moderately wounded.
The killer bee stings you!
* * * LOW HITPOINT WARNING * * *
You block the killer bee's attack.
You closely miss the killer bee.
The killer bee is moderately wounded.
You block the killer bee's attack. The killer bee completely misses you.
The killer bee stings you but does no damage.
You slash the killer bee!
The killer bee is severely wounded.
You block the killer bee's attack. The killer bee closely misses you.
You miss the killer bee.
The killer bee is severely wounded.
The killer bee barely misses you.
The killer bee stings you but does no damage. x2
You hit the killer bee.
The killer bee is almost dead.
The killer bee stings you but does no damage.
The killer bee closely misses you.
You miss the killer bee.
The killer bee is almost dead.
The killer bee stings you but does no damage. x2
The killer bee barely misses you.
You hit the killer bee but do no damage.
The killer bee is almost dead.
The killer bee stings you but does no damage.
The killer bee stings you.
* * * LOW HITPOINT WARNING * * *
The killer bee misses you.
You miss the killer bee.
The killer bee is almost dead.
The killer bee stings you!
You die...

#.## ....
#..###
.......
##...####
.......
###....###
...?...
####...#
.......
###.##.......
#$#........
#........#
#..@.....#
##..y....#
#....)>##
#.......#
#.......#
#.......#
##.....##
##...##


You could see a killer bee.

Vanquished Creatures
  A water moccasin (D:4)
  A black bear (D:4)
  A scorpion (D:5)
  5 killer bees (D:4)
  3 hounds
  A jelly (D:5)
  A centaur skeleton (D:4)
  Jessica (D:2)
  An iguana (D:4)
  5 adders
  4 gnolls (D:2)
  A howler monkey skeleton (D:5)
  A worm (D:3)
  4 dart slugs
  7 orcs
  9 ball pythons
  5 bats
  7 endoplasms
  4 giant cockroaches
  8 goblins
  4 hobgoblins
  2 jackals (D:1)
  7 kobolds
  3 quokkas
  5 frilled lizards
  A jackal skeleton (D:4)
  3 rats (D:2)
95 creatures vanquished.

Notes
Turn   | Place    | Note
-------+----------+-------------------------------------------
     0 | D:1      | bande the Gargoyle Fighter began the quest for the Orb.
     0 | D:1      | Reached XP level 1. HP: 14/14 MP: 1/1
   185 | D:1      | Reached XP level 2. HP: 17/19 MP: 2/2
   617 | D:1      | Reached XP level 3. HP: 23/23 MP: 3/3
  1323 | D:2      | Noticed Jessica
  1331 | D:2      | Killed Jessica
  1332 | D:2      | Reached XP level 4. HP: 29/29 MP: 4/4
  2465 | D:2      | Reached XP level 5. HP: 7/33 MP: 5/5
  3612 | D:4      | Reached XP level 6. HP: 36/38 MP: 6/6
  3636 | D:4      | Found a staircase to the Ecumenical Temple.
  3648 | Temple   | Entered the Ecumenical Temple
  3863 | D:4      | Found a stormy altar of Qazlal.
  4693 | D:4      | Noticed a black bear
  4708 | D:4      | Killed a black bear
  5169 | D:4      | Found a shadowy altar of Dithmenos.
  5398 | D:5      | Entered Level 5 of the Dungeon
  5400 | D:5      | Noticed a water moccasin
  5407 | D:5      | Reached XP level 7. HP: 26/44 MP: 7/7
  5416 | D:4      | Reached skill level 5 in Armour
  6274 | D:4      | Reached skill level 5 in Axes
  6550 | D:4      | Reached skill level 5 in Fighting
  7017 | D:5      | Reached XP level 8. HP: 41/49 MP: 8/8
  7139 | D:5      | Slain by a killer bee

Illustrated notes

Levels and vault maps discovered:
D:1:      minmay_arrival_three_doors, layout_loops_ring
D:2:      minmay_inner_zag, layout_loops_ring, grunt_ministairs_1, uniq_jessica
D:3:      layout_basic
D:4:      layout_loops_corners, mainiacjoe_overflow_six_doors_small,
          nicolae_qazlal_scattered_showers, minmay_temple_entry_mist
D:5:      layout_rooms, old_standard_altar, serial_shops, nicolae_diamond_shop
Temple:   chequers_temple_sunken

Skill      XL: |  1  2  3  4  5  6  7 |
---------------+----------------------+-----
Axes           | 2 3 4 5 |  5.4
Armour         | 4 5 |  5.8
Shields        | 4 |  4.9
Fighting       | 4 5 |  5.1
Dodging        | |  0.3

Action                   |  1- 3 |  4- 6 |  7- 9 || total
-------------------------+-------+-------+-------++-------
Melee: War axe           |    76 |   181 |   107 ||   364
  Use: Scroll            |     5 |     4 |     1 ||    10
Armor: Scale mail        |    70 |   126 |   122 ||   318
Dodge: Dodged            |    66 |    96 |    84 ||   246
Block: Buckler           |    26 |    55 |    43 ||   124
